[Event "FRA-ch Teams Top 16-Haute 2022"]
[Site "Chartres"]
[Date "2022.06.19"]
[Round "11.31"]
[White "Movsesian, Sergei"]
[Black "Bellahcene, Bilel"]
[Result "1-0"]
[ECO "B51"]
[WhiteElo "2600"]
[BlackElo "2521"]
[Annotator "TA"]
[PlyCount "151"]
[EventDate "2022.06.16"]
[EventType "team-tourn"]
[EventCountry "FRA"]
[SourceTitle "playchess.com"]
[Source "ChessBase"]
[SourceQuality "1"]
[TimeControl "40/5400+30:1800+30"]

1. e4 c5 2. Nf3 d6 3. Bb5+ Nd7 4. a4 Ngf6 5. Nc3 a6 6. Be2 {[%emt 0:01:02] B51: Sicilian: Moscow Variation (3 Bb5+) without 3...Bd7.} b6 7. d4 cxd4 8. Qxd4 {[%emt 0:00:11] White has an edge.} Bb7 9. O-O e6 10. Rd1 Qc7 11. Be3 Ng4 12. Bg5 h6 13. Bh4 Nge5 14. Qe3 Ng4 15. Qd2 {[%emt 0:02:13] [#]} Be7 $146 ({Predecessor:} 15... Nge5 16. h3 Nxf3+ 17. Bxf3 Ne5 18. Be2 g5 19. Bg3 Be7 {1-0 (38) Fecker,N (2308)-Baenziger,F (2400) Magglingen 2021}) 16. Bxe7 Kxe7 17. Nd4 Ngf6 18. Qe3 Rhb8 19. Rd2 (19. a5 {looks sharper.} bxa5 20. Nb3 Bc6 21. Nxa5 Rxb2 22. Nb3) 19... Kf8 20. Rad1 Nc5 21. Bf3 Ne8 (21... Re8 $11 {is superior.}) 22. g3 Nd7 23. Bg2 Kg8 (23... Ne5 $5 ) 24. h3 Nf8 25. Kh2 Rc8 26. Nb3 Bc6 27. Rd4 Nd7 28. Rc4 Ne5 29. Rb4 Rab8 30. Bf1 a5 31. Rbd4 Qe7 (31... Nf6 $11 32. Kg1 d5) 32. f4 Nd7 33. R4d2 Rd8 (33... e5 $11 {was preferrable.}) 34. Nd4 (34. Bb5 $5 Ba8 35. e5 $16) 34... Ba8 35. Bg2 Nc5 36. b3 Rd7 37. Qe2 Rc8 38. Ndb5 Rcd8 39. Qe3 Bb7 40. Na3 {[%emt 0:00:36] Threatening Nc4.} Ba6 (40... Bxe4 {feels hotter.} 41. Nxe4 Nxe4 42. Bxe4 d5) 41. Ncb5 Rb8 42. Nd4 {[%emt 0:00:00] Black must now prevent Nc6.} Rc8 {[%emt 0:01:14] Inhibits Nc6.} 43. Nab5 Kh8 (43... Bb7 $14) 44. e5 $16 {[%emt 0:00:00] Strongly threatening Nc6.} d5 45. c4 {[%emt 0:00:00] Threatens to win with cxd5.} Bb7 46. Na7 $36 {[%emt 0:00:00][%mdl 2048] White is in control.} Ra8 (46... Rcc7 $16 {keeps fighting.}) 47. Nac6 $18 Qf8 48. cxd5 exd5 49. e6 Rd6 50. e7 Qg8 51. Nd8 (51. Ne5 $142) 51... Raxd8 52. exd8=Q Rxd8 53. Qe7 (53. Nf5 $18) 53... Rd7 $16 54. Qe5 {[%emt 0:01:12] White is much more active.} f6 ({Better is} 54... Nd6 $1 $14) 55. Qb8 {[%emt 0:11:31] And now Qa7 would win.} Nd6 56. Qxg8+ Kxg8 57. Re2 Nde4 58. Re3 Kf7 59. g4 g6 60. Kg1 Ba6 61. f5 Bb7 $2 (61... Bc8 $16 {is a better defense.} 62. fxg6+ Kxg6) 62. fxg6+ $18 Kxg6 {[%emt 0:00:02] [#]} 63. Ne2 (63. Ne6 $1 $18 Re7 64. Nf4+ Kf7 65. Nxd5 Bxd5 66. Rxd5) 63... f5 $16 64. Rd4 (64. gxf5+ $18 Kxf5 65. Rf3+ Ke5 66. Nd4) 64... Kg5 65. gxf5 Kxf5 66. b4 axb4 67. Rxb4 Rd6 68. Nd4+ Ke5 69. Rf3 Bc8 {[%emt 0:00:28] Prevents Rf5+.} 70. Rf8 Bd7 71. Nf3+ Ke6 72. Rh8 Kf5 73. Rd8 Kf4 74. Rf8+ Ke3 75. Ne5 {[%emt 0:00:20] Hoping for Bxe4.} Bxa4 $2 (75... Kd2 $16) 76. Bxe4 {[%emt 0:00:31] Weighted Error Value: White=0.13 (very precise) /Black=0.16 (very precise)} 1-0

[Event "FRA-ch Teams Top 16-Haute 2022"]
[Site "Chartres"]
[Date "2022.06.19"]
[Round "11.32"]
[White "Sebag, Marie"]
[Black "Guichard, Pauline"]
[Result "1/2-1/2"]
[ECO "C72"]
[WhiteElo "2472"]
[BlackElo "2377"]
[Annotator "TA"]
[PlyCount "74"]
[EventDate "2022.06.16"]
[EventType "team-tourn"]
[EventCountry "FRA"]
[SourceTitle "playchess.com"]
[Source "ChessBase"]
[SourceQuality "1"]
[TimeControl "40/5400+30:1800+30"]

1. e4 e5 2. Nf3 Nc6 3. Bb5 a6 4. Ba4 d6 5. O-O Bd7 6. d4 Nxd4 7. Bxd7+ Qxd7 8. Nxd4 exd4 9. Qxd4 Nf6 {[%emt 0:00:22] The main line 9...Nf6 scores better than 9...Ne7.} 10. Nc3 Be7 $1 {[%emt 0:00:44] C72: Ruy Lopez: Deferred Steinitz: 5 0-0.} 11. b3 O-O 12. Bb2 c6 {[%emt 0:01:56] Prevents Nd5.} 13. Rad1 Qe6 {[%emt 0:05:00] [#] Prevents e5.} 14. Rfe1 $146 ({Predecessor:} 14. Rd3 Rfe8 15. f3 Rad8 16. Kh1 d5 17. exd5 cxd5 18. Qf2 Bd6 19. Nd1 Be5 20. Bxe5 Qxe5 {1-0 (118) Bosiocic,M (2613)-Stevic,H (2586) Bjelovar 2019}) 14... Rad8 15. Ne2 Rfe8 16. Ng3 d5 17. exd5 Qxd5 18. Qxd5 Nxd5 19. c4 Nc7 20. Rxd8 Bxd8 21. Rd1 Ne6 22. Kf1 Bc7 23. Nf5 Rd8 {[%emt 0:04:31] Against Rd7} 24. Rxd8+ Bxd8 $11 {[%emt 0:00:04][%mdl 4096] Endgame KBN-KBN} 25. g3 f6 26. Ke2 Bc7 27. Ba3 g6 28. Nd6 Bxd6 29. Bxd6 {[%emt 0:00:05] KB-KN} h5 30. Kd3 f5 31. h4 Kf7 {[%emt 0:00:07] The position is equal.} 32. Ke3 Ke8 33. Be5 Kd7 34. f3 Ke7 35. Kd3 Kd7 36. Ke3 Ke7 37. Kd3 Kd7 {[%emt 0:00:12] An even fight not without its subleties.  Weighted Error Value: White=0.05 (flawless) /Black=0.03 (flawless)} 1/2-1/2